 Dungeon Crawl Stone Soup version 0.30.1-9-gdf580d7c3d (webtiles) character file.

Game seed: 12782879925664921929

366 KittyFluff the Cudgeller (level 6, -4/58 HPs)
             Began as a Gargoyle Berserker on Oct 8, 2023.
             Was a Priest of Trog.
             Slain by an orc warrior
             ... wielding a +0 flail
              (13 damage)
             ... on level 4 of the Dungeon.
             The game lasted 00:11:34 (3084 turns).

KittyFluff the Cudgeller (Gargoyle Berserker)       Turns: 3084, Time: 00:11:34

Health: -4/58      AC:  9    Str: 23    XL:     6   Next: 68%
Magic:  6/6        EV: 12    Int:  7    God:    Trog [***...]
Gold:   140        SH:  0    Dex:  9    Spells: 5/5 levels left

rFire   . . .        a - +0 mace
rCold   . . .        (no shield)
rNeg    + . .        j - +0 leather armour
rPois   ∞            y - +0 helmet
rElec   +            c - scarf {repulsion}
rCorr   .            (no gloves)
SInv    .            (no boots)
Will    .....        (no amulet) Stlth
                     (no ring)
HPRegen 0.29/turn    (no ring)
MPRegen 0.10/turn

%: repel missiles
@: berserking, very quick
A: sickness immunity, AC +4, negative energy resistance 1, electricity
resistance, torment resistance 1, petrification resistance
a: Renounce Religion, Berserk, Trog's Hand


You were on level 4 of the Dungeon.
You worshipped Trog.
Trog was most pleased with you.
You visited 1 branch of the dungeon, and saw 4 of its levels.
You also visited: Sewer.

You collected 140 gold pieces.

Inventory:

Hand Weapons
 a - a +0 mace (weapon)
Missiles
 i - 2 poisoned darts (quivered)
Armour
 c - a scarf of repulsion (worn)
 e - a +0 cloak
 j - a +0 leather armour (worn)
 y - a +0 helmet (worn)
Wands
 u - a wand of iceblast (10)
Scrolls
 d - 3 scrolls of teleportation {unknown}
 k - 2 scrolls of immolation {unknown}
 l - 2 scrolls of torment {unknown}
 m - a scroll of identify {unknown}
 p - a scroll of enchant weapon {unknown}
 r - a scroll of fog {unknown}
 s - a scroll of amnesia {unknown}
 t - 2 scrolls of magic mapping {unknown}
 x - 3 scrolls of fear {unknown}
Potions
 b - 3 potions of curing {unknown}
 f - a potion of mutation {unknown}
 g - 2 potions of attraction {unknown}
 h - 3 potions of might {unknown}
 n - a potion of heal wounds {unknown}
 o - a potion of ambrosia {unknown}
 q - a potion of haste {unknown}
 v - 2 potions of flight {unknown}
 w - a potion of degeneration {unknown}
 z - a potion of brilliance {unknown}


   Skills:
 + Level 4.4 Fighting
 * Level 4.9 Maces & Flails
 * Level 4.5 Armour
 + Level 2.6 Dodging


You had 5 spell levels left.
You didn't know any spells.
Your spell library was empty.

Dungeon Overview and Level Annotations

Branches:
Dungeon (4/15)              Sewer (visited)
 Temple: D:4-7

Altars:
Kikubaaqudgha

Shops:
D:3 *


Innate Abilities, Weirdness & Mutations

You are immune to sickness and miasma.
Your stone body is resilient. (AC +4)
You are immune to poison.
You resist negative energy. (rN+)
You are resistant to electric shocks. (rElec)
You are resistant to unholy torment.
You are immune to petrification.


Message History

The orc is almost dead.
The orc hits you with a +0 club.
You barely miss the orc.
The orc is almost dead.
The orc hits you but does no damage.
You closely miss the orc.
The orc is almost dead.
The orc hits you but does no damage.
You hit the orc.
You kill the orc!
Trog accepts your kill.
Things that are here:
a +0 club; a +0 ring mail An orc warrior, an orc priest and 2 orcs come into view.
The orc warrior shouts!
The orc priest shouts!
The orc shouts! x2
You hear an angry growl.
The orc priest barely misses you.
The orc priest invokes the aid of Beogh against you.
You barely resist.
The orc priest invokes the aid of Beogh against you.
Beogh smites you!
The orc priest mumbles some strange prayers to Beogh against you.
You barely resist.
Things that are here:
a +0 club; a +0 ring mail The orc warrior attacks as you move away!
The orc warrior misses you.
There is an open door here.
You hit the orc warrior.
The orc warrior is lightly wounded.
The orc warrior hits you with a +0 flail!
The orc warrior closely misses you.
You hit the orc warrior but do no damage.
The orc warrior is lightly wounded.
The orc warrior hits you with a +0 flail!
* * * LOW HITPOINT WARNING * * *
A red film seems to cover your vision as you go berserk!
You feel yourself moving faster!
You feel mighty!
The orc warrior hits you with a +0 flail!
You die...

## ## .# #.
####.# #.
###...<## #.
#.......# ##
#....o#......
#...o)######.
#....o#####
#....oo@..#
#.....###.# .
#.....# #.#
.. #.....#
#.# ...
#.....###.#
#...
#######...#
#..###
#####.###
#.... #.....#
############.
#.#####
#.......# #.


You could see an orc warrior, an orc priest and 2 orcs.

Vanquished Creatures
  Pargi (D:3)
  Ijyb (D:3)
  Jessica (D:2)
  An orc wizard (D:3)
  A hell rat (Sewer)
  3 river rats (Sewer)
  6 adders
  4 worms
  11 orcs
  8 endoplasms
  5 giant cockroaches
  6 goblins
  6 hobgoblins
  2 jackals (D:2)
  2 quokkas (D:3)
  4 ball pythons
  A bat (D:1)
  2 frilled lizards
  2 kobolds (D:1)
  11 rats
78 creatures vanquished.

Notes
Turn   | Place    | Note
-------+----------+-------------------------------------------
     0 | D:1      | KittyFluff the Gargoyle Berserker began the quest for the
                  | Orb.
     0 | D:1      | Reached XP level 1. HP: 14/14 MP: 1/1
    98 | D:1      | Found a faded altar of an unknown god.
   143 | D:1      | Reached XP level 2. HP: 14/19 MP: 2/2
   526 | D:2      | Reached ** piety under Trog
   631 | D:2      | Reached XP level 3. HP: 6/23 MP: 3/3
   765 | D:2      | Noticed Jessica
   773 | D:2      | Killed Jessica
   774 | D:2      | Reached XP level 4. HP: 29/29 MP: 4/4
  1553 | D:3      | Found an ancient bone altar of Kikubaaqudgha.
  1562 | D:3      | Noticed Ijyb
  1595 | D:3      | Reached XP level 5. HP: 27/33 MP: 5/5
  1609 | D:3      | Killed Ijyb
  1863 | D:3      | Found Ziajoy's General Store.
  1995 | D:3      | Found a glowing drain.
  2006 | Sewer    | Entered a sewer
  2158 | Sewer    | Reached XP level 6. HP: 38/38 MP: 6/6
  2418 | D:3      | Reached *** piety under Trog
  2541 | D:3      | Noticed Pargi
  2552 | D:3      | Killed Pargi
  3074 | D:4      | Noticed an orc warrior
  3084 | D:4      | Slain by an orc warrior

Illustrated notes

Levels and vault maps discovered:
D:1:      psy_arrival_dodecagon, layout_rooms, shapermc_ecumenical_altar_venn
D:2:      layout_basic, uniq_jessica
D:3:      layout_loops_cross, kiku_gazebo_garden_becter, serial_shops, shop,
          gup_sewer_entry_bubbles, minmay_misc_feat_diagonals, uniq_ijyb,
          uniq_pargi
D:4:      layout_basic, abandoned_shop

Skill      XL: |  1  2  3  4  5 |
---------------+----------------+-----
Armour         | 3 4 |  4.5
Dodging        | 2 |  2.6
Maces & Flails | 4 |  4.9
Fighting       | 4 |  4.4

Action                     |  1- 3 |  4- 6 || total
---------------------------+-------+-------++-------
  Melee: Mace              |    82 |   277 ||   359
         Punch             |       |     1 ||     1
 Invoke: Berserk           |       |     4 ||     4
    Use: Scroll            |       |     1 ||     1
 Armour: Animal skin       |    11 |       ||    11
         Leather armour    |    23 |   112 ||   135
  Dodge: Dodged            |    39 |   144 ||   183
